 Dungeon Crawl Stone Soup version 0.23-a0-612-gcb482e9 (webtiles) character file.

97 xordid the Cudgeler (level 4, -2/33 HPs)
             Began as a Demonspawn Wanderer on Dec 22, 2018.
             Slain by a sky beast (5 damage)
             ... on level 5 of the Dungeon.
             The game lasted 00:05:20 (2768 turns).

xordid the Cudgeler (Demonspawn Wanderer)           Turns: 2768, Time: 00:05:21

Health: -2/33      AC:  5    Str: 14    XL:     4   Next: 42%
Magic:  4/4        EV: 10    Int: 14    God:
Gold:   33         SH:  0    Dex: 11    Spells: 3/3 levels left

rFire    + . .     SeeInvis .   h - +0 mace
rCold    + . .     Gourm    .   (no shield)
rNeg     . . .     Faith    .   k - +0 ring mail
rPois    .         Spirit   .   (no helmet)
rElec    .         Reflect  .   (no cloak)
rCorr    .         Harm     .   (no gloves)
MR       .....                  (no boots)
Stlth    +.........             (no amulet)
HPRegen  0.11/turn              e - ring of protection from fire {rF+, !d}
MPRegen  0.09/turn              (no ring)

@: no status effects
A: cold resistance 1
a: no special abilities


You were on level 5 of the Dungeon.
You were not hungry.

You visited 1 branch of the dungeon, and saw 6 of its levels.

You collected 33 gold pieces.

Inventory:

Hand Weapons
 h - a +0 mace (weapon)
   (You found it on level 1 of the Dungeon)
Armour
 c - a +0 robe
 k - a +0 ring mail (worn)
   (You found it on level 1 of the Dungeon)
Jewellery
 e - a ring of protection from fire (left hand) {rF+, !d}
   (You found it on level 1 of the Dungeon)
Wands
 a - a wand of paralysis (15)
Scrolls
 j - a scroll of teleportation
Potions
 b - a potion of lignification {!q}
 g - a potion of curing
 m - a potion of heal wounds {unknown}
Comestibles
 f - 4 rations
 i - 2 chunks of flesh {@w0}


   Skills:
 - Level 2.0 Fighting
 + Level 3.7(4.0) Maces & Flails
   Level 2.6(3.0) Polearms
   Level 1.7(3.5) Staves
 - Level 1.0 Stealth
   Level 1.0 Shields
 - Level 1.0 Evocations


You had 3 spell levels left.
You didn't know any spells.
Your spell library contained the following spells:

 Spells                   Type           Power        Failure   Level  Hunger
 Magic Dart               Conj           #...         52%         1    ##.....
 Blink                    Tloc           N/A          65%         2    ###....
 Call Imp                 Summ           #.......     65%         2    ###....
 Slow                     Hex            #.......     65%         2    ###....
 Conjure Flame            Conj/Fire      #.......     87%         3    ####...
 Mephitic Cloud           Conj/Pois/Air  #.......     87%         3    ####...


Dungeon Overview and Level Annotations

Branches:
Dungeon (6/15)             Temple (0/1) D:5

Altars:

Annotations:
D:2 Robin
D:6 Dowan, Duvessa


Innate Abilities, Weirdness & Mutations

Your flesh is cold resistant. (rC+)


Message History

You take 2 damage, and have 18/27 hp.
You barely miss the crimson imp. The crimson imp hits you. x2
You take 2 damage, and have 16/27 hp.
You hit the crimson imp.
The crimson imp hits you but does no damage.
You barely miss the crimson imp. The crimson imp hits you.
You take 3 damage, and have 13/27 hp.
You thump the crimson imp! The crimson imp barely misses you.
You completely miss the crimson imp.
The crimson imp hits you but does no damage.
You hit the crimson imp.
The crimson imp sputters.
The crimson imp closely misses you. The crimson imp barely misses you.
You closely miss the crimson imp. The crimson imp barely misses you.
You hit the crimson imp.
You kill the crimson imp!
You have reached level 4!
You feel clever.
You regained 3 hp, and now have 16/33 hp.
MP restored: 4 Unknown command.
There is a stone staircase leading down here.
m - a smoky white potion
As you read the scroll labeled VAS OKHLEDAMITE, it crumbles to dust.
You feel strangely unstable.
It was a scroll of teleportation.
As you read the scroll labeled DINEHE YGOO, it crumbles to dust.
It is a scroll of amnesia.
You feel forgetful for a moment.
As you read the scroll labeled KYFUERR HUIN, it crumbles to dust.
It is a scroll of identify.
g - a potion of curing Your surroundings suddenly seem different.
An adder comes into view.
The adder hisses angrily.
The adder barely misses you.
Found a paperback book.
Found a stone staircase leading down.
You barely miss the adder.
The adder bites you but does no damage. x2
You closely miss the adder. The adder barely misses you. x2
You hit the adder but do no damage. The adder barely misses you.
You miss the adder. The adder closely misses you.
The adder bites you but does no damage.
You hit the adder. The adder bites you but does no damage.
You hit the adder.
The adder bites you but does no damage. x2
You hit the adder. The adder completely misses you.
You closely miss the adder. The adder closely misses you.
The adder bites you but does no damage.
You miss the adder. The adder misses you.
You hit the adder but do no damage. The adder barely misses you.
The adder closely misses you.
You closely miss the adder. The adder misses you.
The adder bites you but does no damage.
You hit the adder.
You kill the adder!
You see here an adder corpse.
You butcher the adder corpse.
i - 3 chunks of flesh {@w0} (gained 2)
You see here an adder skeleton.
There is a stone staircase leading down here.
You start resting.
Eating one of 3 chunks of flesh {@w0}.
You eat one of the 3 chunks of flesh {@w0}.
Health restored: 33 You climb downwards.
Level annotation: Dowan, Duvessa
There is a stone staircase leading up here.
You climb upwards.
There is a stone staircase leading down here.
You pick up a book of Minor Magic and begin reading...
You add the spells Magic Dart, Blink, Call Imp, Slow, Conjure Flame and A giant cockroach comes into view.
A sky beast and an ogre come into view.
The ogre shouts!
The sky beast moves out of view.
The ogre moves out of view.
Found a staircase to the Ecumenical Temple.
A crimson imp comes into view.
The sky beast flickers out of sight!
Deactivating autopickup; reactivate with Ctrl-A.
The giant cockroach barely misses you.
The giant cockroach bites you but does no damage.
Something hits you but does no damage.
The giant cockroach bites you but does no damage.
You hit something. The giant cockroach closely misses you. Something hits you.
Something shocks you.
You take 9 damage, and have 24/33 hp.
MASSIVE DAMAGE!!
You barely miss something. The giant cockroach closely misses you.
The ogre hits you with a +0 giant club!!
Ouch! That really hurt!
* * * LOW HITPOINT WARNING * * *
Something hits you but does no damage.
The giant cockroach bites you but does no damage.
You hear a shout!
You take 19 damage, and have 5/33 hp.
MASSIVE DAMAGE!!
Something hits you but does no damage. The giant cockroach barely misses you.
Something hits you.
* * * LOW HITPOINT WARNING * * *
Something shocks you.
You die...

#.#.............
#..........####
#++ #.#.#.....##
##..##.#.##...##
#....#.#.##...#
#[#..%#.#.###.#
##.##.#.s.....#
...
.......O##..(.#
.#.#
#...⌠..@##...#..
##.#
................
#
#.⌠.>.⌠.........
#..............#
#...⌠...##...###
[........ ...#
##.#.#.#. .##
...... . ..


You could see an ogre and a giant cockroach.

Vanquished Creatures
  A crimson imp (D:5)
  2 adders
  A worm (D:2)
  A dart slug (D:1)
  3 bats
  5 goblins
  8 hobgoblins
  3 jackals (D:1)
  6 kobolds
  5 frilled lizards
  4 rats
39 creatures vanquished.

Notes
Turn   | Place    | Note
-------+----------+-------------------------------------------
     0 | D:1      | xordid the Demonspawn Wanderer began the quest for the Orb.
     0 | D:1      | xordid set off with the following items: a wand of
                  | paralysis (15), 2 potions of lignification {!q}, a +0 robe,
                  | a +0 club, a ration
     0 | D:1      | Reached XP level 1. HP: 16/16 MP: 1/1
   327 | D:1      | Reached skill level 1 in Maces & Flails
   771 | D:1      | Gained mutation: Your flesh is cold resistant. (rC+)
                  | [demonic ancestry]
   771 | D:1      | Reached XP level 2. HP: 21/22 MP: 2/2
  1133 | D:1      | Reached skill level 2 in Maces & Flails
  1883 | D:2      | Reached XP level 3. HP: 25/27 MP: 3/3
  1887 | D:2      | Noticed Robin
  1895 | D:1      | HP: 5/27 [adder (3)]
  1901 | D:1      | HP: 9/60 [goblin/+0 dagger[Robin] (5)]
  1906 | D:1      | HP: 9/60 [goblin/+0 dagger[Robin] (1)]
  2367 | D:3      | Reached skill level 3 in Maces & Flails
  2524 | D:5      | Entered Level 5 of the Dungeon
  2567 | D:6      | Noticed Duvessa
  2567 | D:6      | Noticed Dowan
  2595 | D:5      | Reached XP level 4. HP: 16/33 MP: 4/4
  2761 | D:5      | Found a staircase to the Ecumenical Temple.
  2761 | D:5      | Noticed a sky beast
  2761 | D:5      | Noticed an ogre
  2766 | D:5      | HP: 5/33 [ogre/+0 giant club (19)]
  2768 | D:5      | Slain by a sky beast

Vault maps used:
D:1:      psy_arrival_radial02, nrook_mini_vaults, feat_on_display
D:2:      first_ration, uniq_crazy_yiuf_cottage, uniq_robin
D:3:      grunt_dithmenos_smoke
D:4:      nicolae_overflow_crystal_walls, serial_shops, shop,
          nicolae_qazlal_eye_of_the_storm, uniq_pikel, uniq_eustachio
D:5:      marbit_many_paths, nicolae_ru_great_annihilating_truth,
          gammafunk_temple_overflow_wave, temple_fountains
D:6:      old_standard_altar, uniq_prince_ribbit1, uniq_duvessa, uniq_grinder

Skill      XL: |  1  2  3 |
---------------+----------+-----
Maces & Flails | 1 2 3 |  3.7
Fighting       | |  2.0
Polearms       | |  2.6
Staves         | |  1.7
Stealth        | |  1.0
Shields        | |  1.0
Evocations     | |  1.0

Action                   |  1- 3 |  4- 6 || total
-------------------------+-------+-------++-------
Melee: Club              |    14 |       ||    14
       Mace              |   150 |    14 ||   164
  Use: Potion            |     3 |       ||     3
       Scroll            |       |     3 ||     3
  Eat: Chunk             |     2 |     1 ||     3
       Ration            |     1 |       ||     1
Armor: Robe              |    19 |       ||    19
       Ring mail         |    37 |    14 ||    51
       Skin              |    23 |       ||    23
Dodge: Dodged            |   104 |    15 ||   119

Table legend:
 A = Non-vault XP
 B = Vault XP
 C = Vault XP percentage of total XP
 D = Non-vault monster count
 E = Vault monster count
 F = Vault count percentage of total count
                 A         B        C        D         E       F
            +---------+---------+-------+---------+---------+-------
      Total |     135 |       4 |   2.9 |      37 |       2 |   5.1
            +---------+---------+-------+---------+---------+-------
        D:1 |      54 |       4 |   6.9 |      26 |       2 |   7.1
        D:2 |      12 |       0 |   0.0 |       5 |       0 |   0.0
        D:3 |       5 |       0 |   0.0 |       3 |       0 |   0.0
        D:5 |      64 |       0 |   0.0 |       3 |       0 |   0.0
            +---------+---------+-------+---------+---------+-------

Vault maps used:
D:1:      psy_arrival_radial02, nrook_mini_vaults, feat_on_display
D:2:      first_ration, uniq_crazy_yiuf_cottage, uniq_robin
D:3:      grunt_dithmenos_smoke
D:4:      nicolae_overflow_crystal_walls, serial_shops, shop,
          nicolae_qazlal_eye_of_the_storm, uniq_pikel, uniq_eustachio
D:5:      marbit_many_paths, nicolae_ru_great_annihilating_truth,
          gammafunk_temple_overflow_wave, temple_fountains
D:6:      old_standard_altar, uniq_prince_ribbit1, uniq_duvessa, uniq_grinder

Table legend:
 A = Turns spent in this place as a percentage of turns spent in the entire game.
 B = Non-inter-level travel turns spent in this place as a percentage of non-inter-level travel turns spent in the entire game.
 C = Inter-level travel turns spent in this place as a percentage of turns spent in this place.
 D = Turns resting spent in this place as a percentage of non-inter-level travel turns spent in this place.
 E = Turns spent auto-exploring this place as a percentage of non-inter-level travel turns spent in this place.
 F = Non-inter-level travel turns spent in this place divided by the number of levels of this place that you've seen.
                   A       B       C       D       E      F
               +-------+-------+-------+-------+-------+----------------------
         Total | 100.0 | 100.0 |   2.9 |  44.1 |  37.7 | 447.8
       Dungeon | 100.0 | 100.0 |   2.9 |  44.1 |  37.7 | 447.8
               +-------+-------+-------+-------+-------+----------------------

Table legend:
 A = Kills in this place as a percentage of kills in entire the game.
 B = Kills by you in this place as a percentage of kills by you in the entire game.
 C = Kills by friends in this place as a percentage of kills by friends in the entire game.
 D = Other kills in this place as a percentage of other kills in the entire game.
 E = Experience gained in this place as a percentage of experience gained in the entire game.
 F = Experience gained in this place divided by the number of levels of this place that you have seen.
                   A       B       C       D       E      F
               +-------+-------+-------+-------+-------+----------------------
         Total | 100.0 | 100.0 |   N/A |   N/A | 100.0 |  23.2
       Dungeon | 100.0 | 100.0 |   N/A |   N/A | 100.0 |  23.2
               +-------+-------+-------+-------+-------+----------------------
